Map: Ruby Rock LE

Players

Indy - Winner!

  • Race: Terran Terran
  • Spawn Location: 5:00

A.I. 1 (Hard)

  • Race: Terran Terran
  • Spawn Location: 11:00

VOD

Have the link to the VOD?

Description

Time

  • Played on: April 10, 2026, 1:48 p.m.
  • Length: 12:14
Show
View Real Time Build Order
Export as new Build Order

Indy Terran - Winner!

Build Orders: 1/1/1 

Get SALT Encoding   

  12  0:00  SCV  
  13  0:12  SCV  
  14  0:16  Supply Depot  
  14  0:24  SCV  
  14  0:27  Refinery  
  15  0:38  SCV  
  16  0:43  Barracks  
  16  0:50  SCV  
  16  0:54  Refinery  
  17  1:02  SCV  
  18  1:14  SCV  
  19  1:30  Orbital Command  
  19  1:31  Reaper  
  20  1:35  Factory  
  20  1:43  Supply Depot  
  20  1:55  SCV  
  21  2:03  Reaper  
  21  2:08  SCV  
  23  2:20  SCV  
  23  2:21  Starport  
  26  2:23  Hellion  
  26  2:28  Supply Depot  
  26  2:32  SCV  
  26  2:35  Barracks Reactor  
  28  2:44  SCV  
  28  2:56  SCV  
  28  2:57  Starport Tech Lab, Fusion Core  
  29  3:08  SCV  
  30  3:18  Command Center  
  30  3:22  SCV  
  31  3:29  Supply Depot  
  31  3:34  SCV  
  32  3:45  Battlecruiser  
  32  3:46  SCV  
  39  3:52  Factory Tech Lab, Marine  
  39  3:53  Marine  
  41  3:57  Refinery  
  41  4:00  SCV  
  42  4:11  Marine x2  
  42  4:12  SCV  
  45  4:19  Supply Depot  
  45  4:24  SCV  
  45  4:29  Marine x2, Cyclone  
  51  4:34  Orbital Command  
  51  4:37  SCV  
  52  4:49  SCV  
  52  4:50  Raven  
  55  4:54  Interference Matrix  
  55  4:55  Marine x2  
  57  5:00  SCV  
  57  5:01  SCV, Siege Tank  
  57  5:04  Supply Depot  
  62  5:12  SCV  
  62  5:13  SCV  
  64  5:18  Barracks x2  
  64  5:24  Marine x2  
  64  5:25  SCV  
  64  5:26  SCV  
  64  5:28  Raven  
  70  5:38  SCV x2  
  70  5:42  Supply Depot, Siege Tank, Marine x2  
  77  5:50  SCV  
  77  5:52  Engineering Bay  
  77  5:53  Engineering Bay  
  78  6:03  Marine x2, SCV x2  
  82  6:04  Barracks Tech Lab  
  82  6:05  Barracks Tech Lab  
  82  6:07  Barracks Reactor  
  82  6:15  SCV x2  
  84  6:20  Terran Infantry Weapons Level 1, Terran Infantry Armor Level 1  
  84  6:21  Marine x2  
  86  6:26  Supply Depot  
  86  6:28  Siege Tank  
  89  6:33  Command Center  
  89  6:36  SCV x2  
  91  6:40  Refinery  
  91  6:48  SCV x2  
  91  6:54  Marine x5  
  93  6:55  Supply Depot  
  98  7:01  Stimpack  
  98  7:02  Starport Reactor  
  98  7:06  SCV x2  
  100  7:18  SCV  
  100  7:19  SCV  
  100  7:20  Siege Tank, Marine x2  
  100  7:21  Marine x2  
  100  7:22  Marine  
  110  7:26  Supply Depot  
  110  7:29  Supply Depot  
  110  7:33  Factory  
  110  7:43  Armory  
  110  7:44  SCV x2  
  110  7:45  Supply Depot  
  110  7:46  Supply Depot  
  110  7:47  Orbital Command  
  112  7:55  Barracks  
  112  7:56  Barracks  
  112  7:58  Marine x2  
  113  7:59  Marine  
  113  8:01  Marine  
  113  8:02  Marine  
  117  8:12  SCV x2  
  119  8:15  SCV  
  119  8:17  Siege Tank x2  
  119  8:18  Marine x3  
  119  8:19  Marine  
  130  8:26  SCV x2  
  133  8:27  SCV  
  133  8:30  Refinery  
  133  8:31  Terran Infantry Weapons Level 2, Terran Infantry Armor Level 2  
  133  8:36  Marine  
  133  8:37  Viking x2  
  133  8:41  Combat Shield  
  138  8:45  Barracks Reactor  
  138  8:46  Barracks Reactor  
  140  8:54  Marine  
  140  8:55  Marine x3, Supply Depot, Siege Tank  
  145  8:57  Supply Depot  
  145  8:58  Siege Tank  
  145  9:01  Refinery, SCV x2  
  150  9:07  Viking  
  150  9:09  Viking  
  154  9:19  Marine x5  
  159  9:25  SCV x3  
  162  9:31  Supply Depot  
  162  9:32  Supply Depot  
  162  9:37  Viking  
  164  9:39  Viking  
  164  9:42  Command Center  
  157  9:58  Marine x8  
  157  9:59  Siege Tank x2, Marine  
  172  10:06  Medivac  
  174  10:09  Medivac  
  174  10:12  Command Center  
  176  10:16  Marine x7  
  176  10:17  Marine x2  
  185  10:35  Starport  
  185  10:36  Starport, Medivac  
  185  10:38  Starport  
  185  10:39  Starport, Medivac  
  189  10:43  Factory  
  189  10:55  Marine  
  189  10:56  Marine x4  
  197  10:57  Siege Tank x2  
  200  11:05  Refinery  
  200  11:12  Refinery  
  200  11:15  Armory  
  193  11:46  Factory Tech Lab  
  189  11:48  Starport Reactor x4  
  195  11:55  Supply Depot  
Show
View Real Time Build Order
Export as new Build Order

A.I. 1 (Hard) Terran 

Build Orders: 2 Factory 

Get SALT Encoding   

  12  0:00  SCV  
  13  0:13  SCV  
  14  0:18  Supply Depot  
  14  0:25  SCV  
  15  0:40  SCV  
  16  0:43  Barracks  
  16  0:52  SCV  
  18  1:04  SCV  
  18  1:16  Command Center  
  18  1:32  Orbital Command, Marine  
  18  1:37  Supply Depot  
  19  1:44  Refinery  
  19  1:50  Marine  
  20  1:58  SCV  
  21  2:02  Barracks  
  21  2:08  Refinery, Marine  
  21  2:10  SCV  
  23  2:23  SCV  
  23  2:28  Supply Depot, Barracks Tech Lab  
  24  2:36  SCV  
  25  2:46  Marine  
  25  2:49  SCV, Marine  
  28  2:57  SCV  
  29  3:01  SCV  
  29  3:04  Marine  
  31  3:08  Barracks Tech Lab  
  31  3:09  SCV  
  32  3:16  Factory  
  32  3:22  Marauder  
  32  3:26  Factory  
  34  3:28  Marauder  
  36  3:38  Refinery  
  36  3:47  Refinery  
  36  3:55  SCV  
  36  4:00  Factory Tech Lab  
  36  4:04  Starport  
  36  4:09  SCV  
  37  4:10  Factory Tech Lab, SCV  
  37  4:13  Starport  
  38  4:23  Hellion  
  40  4:34  Marauder  
  40  4:36  SCV  
  40  4:38  SCV  
  44  4:41  Starport Tech Lab  
  47  4:45  Siege Tank  
  47  4:48  SCV  
  47  4:49  Supply Depot, Starport Tech Lab  
  49  4:52  SCV  
  48  5:00  SCV  
  48  5:04  SCV  
  45  5:08  Marine  
  45  5:12  SCV  
  41  5:20  Marine  
  34  5:30  Viking  
  30  5:41  Marine  
  26  5:45  Viking  
  26  5:48  SCV  
  24  5:56  SCV, Marine  
  26  6:02  SCV  
  25  6:08  Marine  
  25  6:09  SCV  
  27  6:15  SCV  
  28  6:21  SCV  
  29  6:28  Marauder  
  31  6:34  SCV  
  31  6:35  SCV  
  33  6:44  Marine  
  33  6:46  SCV  
  35  6:50  SCV  
  36  6:57  Marine  
  36  6:58  SCV  
  38  7:02  SCV  
  39  7:08  Marine  
  39  7:10  SCV  
  39  7:15  SCV  
  42  7:20  Marauder  
  44  7:28  SCV  
  44  7:29  SCV  
  46  7:32  Marauder  
  46  7:36  Stimpack  
  48  7:40  SCV  
  48  7:41  SCV  
  48  7:43  Hellion  
  52  7:46  Combat Shield  
  52  7:52  SCV  
  52  7:53  Engineering Bay  
  53  7:59  SCV  
  53  8:04  SCV  
  55  8:10  Marine  
  55  8:11  SCV  
  57  8:19  Supply Depot, Terran Infantry Armor Level 1  
  57  8:20  SCV  
  57  8:23  SCV  
  57  8:26  Marine  
  60  8:32  SCV  
  61  8:38  Marine  
  61  8:40  SCV  
  63  8:42  Supply Depot  
  63  8:44  SCV  
  64  8:49  Marine  
  64  8:53  SCV  
  66  8:56  SCV  
  66  9:01  Marine  
  68  9:04  Concussive Shells  
  68  9:08  Marauder, SCV  
  71  9:10  Supply Depot  
  71  9:11  Raven  
  71  9:15  Raven  
  75  9:19  Marauder  
  77  9:32  Marauder  
  77  9:34  Ghost Academy  
  77  9:35  Supply Depot  
  78  9:44  Missile Turret  
  78  9:45  Medivac  
  80  9:47  Marine  
  80  9:48  Missile Turret  
  80  9:49  Medivac  
  80  9:51  Command Center  
  60  9:53  Marine  
  61  10:04  Ghost  
  63  10:11  Marine  
  64  10:15  Raven  
  64  10:19  Medivac  
  68  10:29  Marine  
  68  10:33  Marine  
  68  10:34  Hellion  
  71  10:46  Marine  
  72  10:51  Marine, Viking  
  75  11:01  Command Center  
  75  11:03  Supply Depot  
  75  11:05  Marauder  
  75  11:09  Marauder  
  78  11:24  SCV  
  78  11:25  Viking  
  78  11:26  Marine, SCV  
  78  11:27  Armory  
  78  11:30  Marine  
  64  11:44  Marauder  
  27  11:54  SCV  
Tags
 
Matchup
TvT
Player
Indy
Race
Terran
Spawn Locations
Cross Positions
Add a new tag
Caveats
  • Supply blocks, unpowered buildings, or Contaminate may cause inaccurate times.
  • Supply counts are checked every 10 seconds.